 Dungeon Crawl Stone Soup version 0.27.1-35-g4d5d836560 (webtiles) character file.

Game seed: 5913914012376121366

41 LadyOphelia the Chopper (level 3, -2/33 HPs)
             Began as a Hill Orc Berserker on Aug 29, 2022.
             Was a Believer of Trog.
             Slain by Sigmund (10 damage)
             ... on level 2 of the Dungeon.
             The game lasted 00:03:37 (1357 turns).

LadyOphelia the Chopper (Hill Orc Berserker)        Turns: 1357, Time: 00:03:38

Health: -2/33      AC:  2    Str: 20    XL:     3   Next: 52%
Magic:  12/12      EV: 12    Int:  7    God:    Trog [**....]
Gold:   73         SH:  0    Dex: 10    Spells: 2/2 levels left

rFire    . . .     SeeInvis .   a - +0 hand axe
rCold    . . .     Faith    .   (no shield)
rNeg     . . .     Spirit   .   b - +0 animal skin
rPois    .         Reflect  .   (no helmet)
rElec    .         Harm     .   (no cloak)
rCorr    .         Rampage  .   (no gloves)
Will     .....                  (no boots)
Stlth    +.........             (no amulet)
HPRegen  0.11/turn              c - ring of magical power
MPRegen  0.13/turn              (no ring)

@: on berserk cooldown, slowed, very slow
A: no striking features
a: Renounce Religion, Berserk, Trog's Hand


You were on level 2 of the Dungeon.
You worshipped Trog.
Trog was pleased with you.
You visited 1 branch of the dungeon, and saw 2 of its levels.

You collected 73 gold pieces.

Inventory:

Hand Weapons
 a - a +0 hand axe (weapon)
Armour
 b - a +0 animal skin (worn)
Jewellery
 c - a ring of magical power (left hand)
Scrolls
 d - a scroll of fog {unknown}
 g - 2 scrolls of fear {unknown}
Potions
 e - a potion of mutation {unknown}
 f - a potion of attraction {unknown}


   Skills:
 + Level 4.2 Fighting
 + Level 4.8 Axes
 * Level 2.7 Armour
 + Level 1.8 Dodging


You had 2 spell levels left.
You didn't know any spells.
Your spell library was empty.

Dungeon Overview and Level Annotations

Branches:
Dungeon (2/15)

Altars:

Shops:
D:1 (

Annotations:
D:2 Sigmund


Message History

You see here a rat skeleton.
Found a stone staircase leading down.
A rat comes into view.
Found 2 pink potions.
The rat moves out of view.
Sigmund the Dreaded comes into view.
He is wielding a +0 scythe.
Sigmund shouts!
There is a stone staircase leading down here.
There are monsters nearby!
Sigmund misses you.
Sigmund says, "Now you see me, now you don't..."
Sigmund hits you with a +0 scythe!
A red film seems to cover your vision as you go berserk!
You feel yourself moving faster!
You feel mighty!
Sigmund gestures wildly while chanting.
Sigmund flickers and vanishes!
Deactivating autopickup; reactivate with Ctrl-A.
The rat bites you but does no damage.
You completely miss something. You hit the rat.
You kill the rat!
Trog accepts your kill.
You closely miss something. Something hits you.
You miss something. You closely miss something. Something hits you!
You hit something. You closely miss something. Something hits you!
You closely miss something. You closely miss something.
You hear some strange, mumbled words.
A magic dart appears from out of thin air!
The magic dart hits you.
* * * LOW HITPOINT WARNING * * *
You miss something. Something barely misses you.
You are too berserk!
You closely miss something. You slash something! You completely miss something.
You are no longer berserk.
You are exhausted.
You feel yourself slow down. Something hits you!
You die...

#########
#.......# ..
#.......# #..
#.......# ##.!#
#.......#
......#.......#
#.#.#.#.{.....#
......#.@.....#
...........####
#.......#######
##.##.#>......# ..
...#..####.#
#.####..####.# ###
#
........#.######..
..#
##...#...........#
..#
#........######..


There were no monsters in sight!

Vanquished Creatures
  A worm (D:2)
  3 dart slugs
  5 ball pythons
  An endoplasm (D:1)
  2 giant cockroaches (D:1)
  4 goblins (D:1)
  4 hobgoblins
  2 quokkas
  2 frilled lizards
  A kobold (D:1)
  5 rats
30 creatures vanquished.

Vanquished Creatures (others)
  A plant (D:1)
1 creature vanquished.

Grand Total: 31 creatures vanquished

Notes
Turn   | Place    | Note
-------+----------+-------------------------------------------
     0 | D:1      | LadyOphelia the Hill Orc Berserker began the quest for the
                  | Orb.
     0 | D:1      | Reached XP level 1. HP: 19/19 MP: 1/1
   160 | D:1      | Reached XP level 2. HP: 27/27 MP: 2/2
   311 | D:1      | Found Erayjuso's Weapon Shoppe.
   462 | D:1      | Found a faded altar of an unknown god.
   738 | D:1      | Reached XP level 3. HP: 33/33 MP: 3/3
  1125 | D:2      | Reached ** piety under Trog
  1340 | D:2      | Noticed Sigmund
  1357 | D:2      | Slain by Sigmund

Illustrated notes

Levels and vault maps discovered:
D:1:      heliophobic_arrival_enchanted_forest, layout_rooms,
          dilly_ecumenical_altar_fadedgnrine, serial_shops, shop
D:2:      layout_loops_cross, uniq_sigmund

Skill      XL: |  1  2 |
---------------+-------+-----
Fighting       | 4 |  4.2
Axes           | |  4.8
Armour         | |  2.7
Dodging        | |  1.8

Action                   || total
-------------------------++-------
Melee: Hand axe          ||    89
Invok: Berserk           ||     1
  Use: Potion            ||     2
Armor: Animal skin       ||    14
Dodge: Dodged            ||    69
